 Dungeon Crawl Stone Soup version 0.18.1-50-g88ac8fd (webtiles) character file.

13 Chiseanne the Grasshopper (level 2, 0/14 HPs)
             Began as a Spriggan Warper on Apr 26, 2017.
             Succumbed to an adder's poison
             ... on level 2 of the Dungeon.
             The game lasted 00:02:36 (681 turns).

Chiseanne the Grasshopper (Spriggan Warper)          Turns: 681, Time: 00:02:37

Health: 0/14       AC:  2    Str:  7    XL:     2   Next: 24%
Magic:  1/7        EV: 18    Int: 14    God:
Gold:   31         SH:  0    Dex: 15    Spells: 2 memorised, 4 levels left

rFire  . . .     SeeInvis +     a - +0 short sword
rCold  . . .     Gourm    .     b - +0 robe
rNeg   . . .     Faith    .     (shield restricted)
rPois  .         Spirit   .     (helmet restricted)
rElec  .         Dismiss  .     (no cloak)
rCorr  .         Reflect  .     (gloves unavailable)
SustAt .         Harm     .     (boots unavailable)
MR     .....                    (no amulet)
Stlth  ++........               (no ring)
                                (no ring)

@: lethally poisoned (0 -> -8), very quick, not resistant to hostile
enchantments, unstealthy
A: unfitting armour, see invisible, herbivore 3, speed 3, slow metabolism 2
a: no special abilities


You were on level 2 of the Dungeon.
You were not hungry.

You visited 1 branch of the dungeon, and saw 2 of its levels.

You collected 31 gold pieces.

Inventory:

Hand Weapons
 a - a +0 short sword (weapon)
Missiles
 e - 2 tomahawks of dispersal (quivered)
 g - 22 sling bullets
 m - 20 stones
Armour
 b - a +0 robe (worn)
Scrolls
 d - a scroll of blinking
 i - a scroll of fear {unknown}
 j - a scroll of magic mapping {unknown}
 k - a scroll of remove curse {unknown}
Potions
 h - a potion of curing {unknown}
 l - a potion of lignification {unknown}
Books
 c - a book of Spatial Translocations

   Spells                             Type                      Level
   a - Apportation                    Translocation                1
   b - Blink                          Translocation                2
   c - Shroud of Golubria             Charms/Translocation         2
   d - Portal Projectile              Translocation                3
   e - Teleport Other                 Translocation                3
   f - Passage of Golubria            Translocation                4
Comestibles
 f - a bread ration


   Skills:
 - Level 1.5 Fighting
 - Level 2.1 Short Blades
 - Level 1.0 Throwing
 + Level 3.7 Dodging
 * Level 1.6 Stealth
 * Level 3.2 Spellcasting
 * Level 4.4 Translocations


You had 4 spell levels left.
You knew the following spells:

 Your Spells              Type           Power        Failure   Level  Hunger
a - Apportation           Tloc           ##........   3%          1    #......
b - Blink                 Tloc           N/A          6%          2    ##.....


Dungeon Overview and Level Annotations

Branches:
Dungeon (2/15)

Altars:


Innate Abilities, Weirdness & Mutations

You are tiny and cannot use many weapons and most armour.
You have supernaturally acute eyesight.
You are a herbivore.
You cover ground extremely quickly.
You need consume almost no food.


Message History

Confirm with . or Enter, or press ? or * to list all spells.
You don't have enough magic to cast that spell.
Unknown command.
You barely miss the adder.
The adder is almost dead.
* * * LOW HITPOINT WARNING * * *
You feel sick. The adder bites you.
* * * LOW HITPOINT WARNING * * *
Throwing (i - inventory. (,) - cycle):
e - 4 tomahawks of dispersal (quivered)
Press: ? - help, Shift-Dir - straight line, f/p - adder
Aim: an adder (almost dead)
You throw a tomahawk of dispersal.
The tomahawk of dispersal barely misses the adder.
The adder misses you. The adder barely misses you.
Throwing (i - inventory. (,) - cycle):
e - 3 tomahawks of dispersal (quivered)
Press: ? - help, Shift-Dir - straight line, f/p - adder
Aim: an adder (almost dead)
You throw a tomahawk of dispersal.
The tomahawk of dispersal barely misses the adder.
You die...

######## #......#
#......# ### #..S@..#
..###########......###
.†...(..(.(..........#
...#################.#
...# #.# ...# #.# ...#
#.# .# ...# #.# #.#
...# #.# #.#


You could see an adder.

Vanquished Creatures
  3 goblins
  A hobgoblin (D:1)
  2 kobolds
  4 bats
  4 giant newts (D:1)
14 creatures vanquished.

Notes
Turn   | Place    | Note
--------------------------------------------------------------
     0 | D:1      | Chiseanne the Spriggan Warper began the quest for the Orb.
     0 | D:1      | Reached XP level 1. HP: 10/10 MP: 5/5
   391 | D:1      | Reached skill level 1 in Stealth
   399 | D:1      | Reached XP level 2. HP: 12/14 MP: 7/7
   436 | D:1      | Learned a level 2 spell: Blink
   681 | D:2      | Succumbed to an adder's poison

Skill      XL: |  1 |
---------------+----+-----
Spellcasting   | 3 |  3.2
Stealth        | 1 |  1.6
Fighting       | |  1.5
Short Blades   | |  2.1
Throwing       | |  1.0
Dodging        | |  3.7
Translocations | |  4.4

Action                   || total
-------------------------++-------
Melee: Short sword       ||    71
Throw: Stone             ||     5
       Tomahawk          ||     3
 Cast: Blink             ||     3
Armor: Robe              ||    12
Dodge: Dodged            ||    77
